[Event "*** SCC Grand Prix: Titled Tuesday Blitz"]
[Site "Chess.com"]
[Date "2020.06.09"]
[Round "3"]
[White "Unknown_IM"]
[Black "vugarrasulov"]
[Result "0-1"]
[WhiteElo "2463"]
[BlackElo "2795"]
[TimeControl "180+1"]
[EndTime "9:28:22 PDT"]
[Termination "vugarrasulov won on time"]

1. e4 e6 2. d4 d5 3. e5 c5 4. c3 Qb6 5. Nf3 Bd7 6. a3 Bb5 7. Bxb5+ Qxb5 8. b4 cxd4 9. cxd4 Nd7 10. Nc3 Qa6 11.
Ne2 Ne7 12. O-O Ng6 13. h4 Be7 14. h5 Nh4 15. Nxh4 Bxh4 16. Be3 h6 17. Nf4 O-O-O 18.
a4 Kb8 19. b5 Qa5 20. Qd3 Rc8 21. Bd2 Qd8 22. a5 Bg5 23. g3 Rc4 24. Rfb1 Re8 25. Kg2 f6 26. exf6 Nxf6 27. Ng6 Bxd2 28. Qxd2 Ne4 29.
Qe3 Rc2 30. Rf1 Qg5 31. Qxg5 hxg5 32. Ne5 Rec8 33. a6 Rb2 34. axb7 Kxb7 35. Rab1 Rcc2 36.
Rxb2 Rxb2 37. Nf7 Kc7 38. Rc1+ Kb6 0-1

[Event "*** SCC Grand Prix: Titled Tuesday Blitz"]
[Site "Chess.com"]
[Date "2020.06.09"]
[Round "3"]
[White "FontVella8"]
[Black "jacky72"]
[Result "0-1"]
[WhiteElo "2435"]
[BlackElo "2689"]
[TimeControl "180+1"]
[EndTime "9:28:22 PDT"]
[Termination "jacky72 won by resignation"]

1. e4 e5 2. Nf3 Nf6 3. Nc3 Nc6 4. g3 g6 5. Bg2 Bg7 6. O-O O-O 7. d3 d5 8. exd5 Nxd5 9. Nxe5 Nxc3 10. Nxc6 Nxd1 11. Nxd8 Nxb2 12. Nxb7 Nxd3 13. cxd3 Bxa1 14. Ba3 Bf6 15. Bxf8 Kxf8 16. Nd6 Rb8 17. Nxc8 Rxc8 18. Rc1 Bd4 19. Bc6 Rb8 20. Rc4 Rb1+ 21. Kg2 Bb6 22. Bd5 Kg7 23. Rf4 f6 24. Bb3 Rb2 25. d4 Rd2 26. d5 a5 27. h4 h6 28. Rf3 g5 29. hxg5 hxg5 30. Rf5 Bc5 31. g4 Bd6 32. Kf3 Rd4 33. Bc2 a4 34. Ke3 Rxg4 35. Rf3 a3 36. Rh3 Rf4 37. Rh7+ Kg8 38. Rd7 Bc5+ 39. Kd3 Bb6 40. Bb3 Kf8 41. d6 Rd4+ 42. Ke2 Rxd6 43. Rf7+ Ke8 44. Rh7 Rd4 45. Kf3 Rf4+ 46. Kg3 Rxf2 47. Rh8+ Kd7 48. Rh7+ Kd6 49.
Rf7 Bd4 50. Kg4 Be5 51. Rf8 Rf4+ 52. Kh3 Rf3+ 53. Kg2 Rxb3 54. axb3 a2 0-1

[Event "*** SCC Grand Prix: Titled Tuesday Blitz"]
[Site "Chess.com"]
[Date "2020.06.09"]
[Round "3"]
[White "Semen_Khanin"]
[Black "Firouzja2003"]
[Result "0-1"]
[WhiteElo "2733"]
[BlackElo "3132"]
[TimeControl "180+1"]
[EndTime "9:28:24 PDT"]
[Termination "Firouzja2003 won by resignation"]

1. e4 e6 2. d4 d5 3. e5 c5 4. c3 Nc6 5. Nf3 Qb6 6. Na3 cxd4 7. cxd4 Bd7 8. Nc2 Nh6 9. Bd3 Nb4 10. Nxb4 Bxb4+ 11. Bd2 Bxd2+ 12. Qxd2 Bb5 13. O-O O-O 14.
Rfc1 Bxd3 15. Qxd3 Rfc8 16. Ng5 Nf5 17. Rd1 Rc4 18. Nf3 Rac8 19. Rab1 h6 20. h4 Rc2 21. h5 Rxb2 22. Rxb2 Qxb2 23. Rb1 Rc1+ 24. Rxc1 Qxc1+ 25. Kh2 Qf4+ 26. Kg1 Qc1+ 27. Kh2 Qc4 28.
Qd2 b5 29. g4 Ne7 30. g5 Nf5 31. g6 fxg6 32. hxg6 b4 33. Qf4 a5 34. Qg4 Qxa2 35. Kg2 Ne3+ 0-1

[Event "*** SCC Grand Prix: Titled Tuesday Blitz"]
[Site "Chess.com"]
[Date "2020.06.09"]
[Round "3"]
[White "maciejos95"]
[Black "diablanni"]
[Result "1-0"]
[WhiteElo "2494"]
[BlackElo "2333"]
[TimeControl "180+1"]
[EndTime "9:28:24 PDT"]
[Termination "maciejos95 won by checkmate"]

1. e4 c5 2. Nf3 Nc6 3. c3 Nf6 4. e5 Nd5 5. d4 cxd4 6. Bc4 e6 7. cxd4 d6 8. O-O Be7 9. Qe2 O-O 10. Re1 Bd7 11.
Nc3 Nxc3 12. bxc3 dxe5 13. dxe5 Na5 14. Bd3 Bc6 15. Bf4 Rc8 16. Rad1 Qc7 17. Ng5 h6 18.
Ne4 Bd5 19. Qg4 Kh8 20. Qh5 Bxe4 21. Rxe4 Qxc3 22. Bxh6 g6 23. Qh3 Rfd8 24. Bg5+ Kg8 25. Rh4 Bxg5 26. Rh8+ Kg7 27. Qh7# 1-0

[Event "*** SCC Grand Prix: Titled Tuesday Blitz"]
[Site "Chess.com"]
[Date "2020.06.09"]
[Round "3"]
[White "joksijoksi"]
[Black "vinniethepooh"]
[Result "1-0"]
[WhiteElo "2362"]
[BlackElo "2545"]
[TimeControl "180+1"]
[EndTime "9:28:25 PDT"]
[Termination "joksijoksi won by resignation"]

1. d4 Nf6 2. c4 e6 3. Nc3 Bb4 4. f3 O-O 5. a3 Bxc3+ 6. bxc3 d5 7. cxd5 exd5 8. e3 Re8 9. Bd3 Nh5 10. Ne2 Qh4+ 11.
g3 Qe7 12. Kf2 Nd7 13. h4 Nb6 14. g4 Nf6 15. h5 h6 16. Ng3 c5 17. Bd2 Bd7 18. Re1 Qd6 19. Kg2 Rac8 20. e4 dxe4 21. Nxe4 Nxe4 22. Rxe4 Rxe4 23. Bxe4 cxd4 24. Be3 Nd5 25.
Qxd4 Nxe3+ 26. Qxe3 b6 27. a4 Bc6 28. Bxc6 Qxc6 29.
a5 Re8 30. Qd3 b5 31. Ra2 a6 32. Re2 Rc8 33. Re7 Qxc3 34. Re8+ Rxe8 35. Qxc3 Re6 36. f4 f5 37. g5 hxg5 38. fxg5 Re4 39. Qc8+ 1-0

[Event "*** SCC Grand Prix: Titled Tuesday Blitz"]
[Site "Chess.com"]
[Date "2020.06.09"]
[Round "3"]
[White "yobdc"]
[Black "Sanyura"]
[Result "1-0"]
[WhiteElo "2237"]
[BlackElo "2502"]
[TimeControl "180+1"]
[EndTime "9:28:25 PDT"]
[Termination "yobdc won on time"]

1. e4 c5 2. Nf3 e6 3. g3 Nc6 4. Bg2 d5 5. exd5 exd5 6. d4 Bd6 7. O-O Nge7 8. dxc5 Bxc5 9. Nbd2 O-O 10. Nb3 Bb6 11. Re1 h6 12. Be3 Bg4 13. Bxb6 Qxb6 14. h3 Bh5 15. Qd2 Rfe8 16. c3 Rad8 17. Re3 Bxf3 18. Bxf3 d4 19. cxd4 Nf5 20. Rxe8+ Rxe8 21. Rd1 Rd8 22.
Bxc6 Qxc6 23. Qf4 Nd6 24. d5 Qc2 25. Qd2 Qc8 26. Kg2 Ne4 27. Qf4 Nf6 28. Qf3 Qc2 29. Rd2 Qb1 30. a3 Qg6 31. Rd4 Nd7 32. d6 Ne5 33.
Qxb7 Rxd6 34. Qb8+ Kh7 35. Qxd6 Qf5 36. Qd5 1-0

[Event "*** SCC Grand Prix: Titled Tuesday Blitz"]
[Site "Chess.com"]
[Date "2020.06.09"]
[Round "3"]
[White "rynos0411"]
[Black "MiroVlasenko"]
[Result "0-1"]
[WhiteElo "2410"]
[BlackElo "2614"]
[TimeControl "180+1"]
[EndTime "9:28:26 PDT"]
[Termination "MiroVlasenko won by resignation"]

1. d4 Nf6 2. c4 e6 3. Nf3 Bb4+ 4.
Nbd2 b6 5. a3 Bxd2+ 6. Bxd2 Bb7 7.
Bf4 d6 8. e3 Nbd7 9. Be2 Qe7 10. Bg3 O-O 11. O-O e5 12. b4 a5 13. Qc2 Rfe8 14.
Rfc1 Ne4 15. Bf1 f5 16. c5 Nxg3 17. hxg3 Be4 18. Qb3+ Kh8 19. cxd6 cxd6 20. Nd2 exd4 21. exd4 Nf6 22. Nxe4 fxe4 23. Rc6 axb4 24. Qxb4 e3 25. Rc2 exf2+ 26. Rxf2 Ne4 27. Rf3 Ng5 28. Rf2 Qe3 29. Qd2 Qxg3 30. Kh1 Ne4 0-1

[Event "*** SCC Grand Prix: Titled Tuesday Blitz"]
[Site "Chess.com"]
[Date "2020.06.09"]
[Round "3"]
[White "Jadeit90"]
[Black "Caracternin123"]
[Result "0-1"]
[WhiteElo "2301"]
[BlackElo "2550"]
[TimeControl "180+1"]
[EndTime "9:28:28 PDT"]
[Termination "Caracternin123 won by resignation"]

1. g3 Nf6 2. Bg2 g6 3. e4 d6 4. Nc3 Bg7 5. d4 O-O 6. Nge2 Nc6 7. O-O e5 8. d5 Ne7 9. a4 Ne8 10. a5 a6 11. b4 f5 12. b5 Nf6 13. bxa6 Rxa6 14. Qd3 c6 15. dxc6 bxc6 16. Ba3 fxe4 17. Nxe4 d5 18. Nxf6+ Bxf6 19. c4 Rxa5 20. cxd5 cxd5 21.
Bxe7 Bxe7 22. Rxa5 Qxa5 23. Qxd5+ Qxd5 24. Bxd5+ Kg7 25. Rc1 Ba6 26. Nc3 Rc8 27. Na2 Rd8 28. Nc3 Rc8 29. Na2 Rb8 30. Nc3 Rb2 31. Ne4 Bd8 32. Ra1 Bd3 33. Nc5 Bf5 34. Ne6+ Bxe6 35. Bxe6 Bb6 36. Rf1 e4 37. Bd5 Re2 38. Bc4 Rd2 39.
h4 Kf6 40. Ba6 Ke5 41. Bb7 Kf5 42. Bc8+ Kf6 43. Bb7 Ke5 44. Ba6 Rc2 45. Bb5 Bd4 46. Be8 Ba7 47. Bf7 Kf5 48. Bg8 Kg4 49. Bxh7 Kf3 50.
Bxg6 Bxf2+ 51. Kh1 Kxg3 52. Bxe4 Rc4 53. Rxf2 Rc1+ 0-1

[Event "*** SCC Grand Prix: Titled Tuesday Blitz"]
[Site "Chess.com"]
[Date "2020.06.09"]
[Round "3"]
[White "FranciscodelaF"]
[Black "j2806"]
[Result "1-0"]
[WhiteElo "2326"]
[BlackElo "2025"]
[TimeControl "180+1"]
[EndTime "9:28:28 PDT"]
[Termination "FranciscodelaF won by resignation"]

1. d4 Nf6 2. c4 e6 3. Nc3 d5 4.
Nf3 Be7 5. g3 O-O 6. Bg2 dxc4 7.
Qa4 a6 8. Qxc4 b5 9. Qd3 Bb7 10. O-O Nbd7 11. Rd1 c5 12. Qe3 Qc7 13. d5 exd5 14.
Qxe7 Qb6 15. Ne5 Rad8 16. Nxd7 Rxd7 17. Qe5 Re8 18. Qf5 g6 19. Qh3 d4 20. Bxb7 Qxb7 21. Bg5 Nh5 22. e4 f6 23. Bh6 Red8 24. Nd5 Kf7 25.
g4 Ng7 26. Qf3 Qc6 27. b4 cxb4 28. Bxg7 Kxg7 29. Rxd4 a5 30. Rad1 Qe6 31. h3 a4 32.
Qd3 b3 33. axb3 axb3 34. Qxb3 Qe5 35. Qe3 b4 36. f4 Qe6 37. Rxb4 Re8 38. Rbd4 Rde7 39.
Nxe7 1-0

[Event "*** SCC Grand Prix: Titled Tuesday Blitz"]
[Site "Chess.com"]
[Date "2020.06.09"]
[Round "3"]
[White "adriangschnitzer"]
[Black "sergiochess83"]
[Result "0-1"]
[WhiteElo "2467"]
[BlackElo "2826"]
[TimeControl "180+1"]
[EndTime "9:28:29 PDT"]
[Termination "sergiochess83 won on time"]

1. e4 c6 2. d4 d5 3. e5 Bf5 4. Nf3 e6 5. Be2 Ne7 6. O-O c5 7. c4 Nbc6 8. dxc5 d4 9. Qb3 Qc7 10. Rd1 Rd8 11. Na3 a6 12. Nc2 Bxc2 13. Qxc2 Ng6 14.
a3 a5 15. b4 axb4 16. axb4 Nxb4 17. Qa4+ Nc6 18. Rxd4 Bxc5 19. Rxd8+ Qxd8 20. Bg5 Be7 21. Rd1 Qb8 22. Bxe7 Nxe7 23. Nd4 O-O 24. f4 g5 25. fxg5 Nxd4 26. Rxd4 Qxe5 27. Qd1 Kg7 28. Rh4 Nf5 29. Rh3 Ra8 30. Bd3 Ra1 31. Bb1 Qd4+ 0-1

[Event "*** SCC Grand Prix: Titled Tuesday Blitz"]
[Site "Chess.com"]
[Date "2020.06.09"]
[Round "3"]
[White "KobyKalavannan"]
[Black "harlem4brew"]
[Result "1-0"]
[WhiteElo "2511"]
[BlackElo "2200"]
[TimeControl "180+1"]
[EndTime "9:28:30 PDT"]
[Termination "KobyKalavannan won by checkmate"]

1. d4 Nf6 2. c4 e6 3. Nf3 d5 4. g3 Bb4+ 5. Bd2 Bxd2+ 6. Nbxd2 dxc4 7. Nxc4 b6 8. Bg2 Bb7 9. O-O O-O 10. Rc1 Nbd7 11.
Qc2 Rc8 12. Rfd1 Qe7 13. Qa4 a6 14. Nce5 b5 15. Qa5 Nb6 16. Nc6 Bxc6 17. Rxc6 Nfd5 18. Ne5 f6 19. Nd3 Ra8 20. Nc5 Nc4 21. Qe1 Rfd8 22. Nxe6 Rd6 23. Rxd6 Qxd6 24. Bxd5 Qxd5 25. Nxc7 Qe4 26.
Nxa8 Qxa8 27. d5 Nxb2 28. Rd4 Nc4 29. d6 Qa7 30. Qd1 Qd7 31. a4 Ne5 32. a5 h6 33. Qb3+ Kh7 34. Qc2+ Kg8 35. Qc7 Kf8 36. f4 Qg4 37. d7 Nxd7 38. Rxd7 Qxe2 39. Rf7+ Ke8 40.
Qd7# 1-0

[Event "*** SCC Grand Prix: Titled Tuesday Blitz"]
[Site "Chess.com"]
[Date "2020.06.09"]
[Round "3"]
[White "margarita_2703"]
[Black "exoticprincess"]
[Result "0-1"]
[WhiteElo "2422"]
[BlackElo "2789"]
[TimeControl "180+1"]
[EndTime "9:28:31 PDT"]
[Termination "exoticprincess won by resignation"]

1. Nf3 d5 2. d4 c6 3. c4 Nf6 4. Nc3 dxc4 5. e3 b5 6. a4 bxa4 7. Bxc4 e6 8. Qxa4 Be7 9. O-O O-O 10. Ne5 Bb7 11. Rd1 Qc7 12. e4 Nbd7 13. Bf4 Nb6 14.
Qa2 Bd6 15. Rac1 h6 16. Bb3 Qe7 17. h3 a5 18. Bc2 Rfd8 19. Na4 Nxa4 20. Qxa4 c5 21.
dxc5 Bxc5 22. Rxd8+ Rxd8 23. Qxa5 Bxe4 24. Bxe4 Nxe4 25.
Nc6 Bxf2+ 26. Kh1 Qb7 27. Qxd8+ Kh7 28. Qd3 f5 29. b4 Bc5 30. bxc5 Nf2+ 31. Kh2 Nxd3 32.
Nd8 Qb2 33. Rf1 Nxf4 34. Rxf4 Qe5 35. g3 Qe2+ 36. Kg1 Qd1+ 37. Kg2 Qxd8 38. c6 Qd5+ 0-1

[Event "*** SCC Grand Prix: Titled Tuesday Blitz"]
[Site "Chess.com"]
[Date "2020.06.09"]
[Round "3"]
[White "TigrVShlyape"]
[Black "BilguunSu"]
[Result "1-0"]
[WhiteElo "2903"]
[BlackElo "2600"]
[TimeControl "180+1"]
[EndTime "9:28:33 PDT"]
[Termination "TigrVShlyape won by resignation"]

1. d4 Nf6 2. Nf3 e6 3. Bf4 b5 4. e3 a6 5. a4 b4 6. a5 Bb7 7. Nbd2 Be7 8. h3 h6 9. Bd3 d6 10. Bh2 Nbd7 11. O-O g5 12. c3 bxc3 13. bxc3 g4 14. hxg4 Nxg4 15. Rb1 Rb8 16. Qa4 Nxh2 17.
Kxh2 Kf8 18. Be4 d5 19. Bd3 Bd6+ 20. Kg1 Nf6 21. Rb2 Ba8 22. Rxb8 Qxb8 23. Bxa6 h5 24. Rb1 Qa7 25. Be2 Kg7 26. a6 h4 27. Ng5 c5 28.
Ndf3 Ne4 29. Nxe4 dxe4 30. Ne5 h3 31. Qd7 h2+ 32. Kh1 Qxd7 33. Nxd7 cxd4 34. cxd4 Bd5 35. g3 Ra8 36. Kxh2 f5 37. Kg2 Kf7 38. Nb6 Rb8 39.
a7 Rd8 40. Nxd5 exd5 41. Rb7+ Ke6 42. Bb5 Ra8 43. Bc6 Rh8 44. Rb1 1-0

[Event "*** SCC Grand Prix: Titled Tuesday Blitz"]
[Site "Chess.com"]
[Date "2020.06.09"]
[Round "3"]
[White "anon569"]
[Black "blitzking1729"]
[Result "0-1"]
[WhiteElo "2297"]
[BlackElo "2544"]
[TimeControl "180+1"]
[EndTime "9:28:33 PDT"]
[Termination "blitzking1729 won by resignation"]

1. e4 d6 2. d4 Nf6 3. Nc3 e5 4.
dxe5 dxe5 5. Qxd8+ Kxd8 6. Nf3 Bd6 7. Bg5 Be6 8. O-O-O Nd7 9. Nb5 Ke7 10. Nxd6 cxd6 11. Nd2 h6 12. Bxf6+ Nxf6 13. f3 Rac8 14. Kb1 Rhd8 15.
Bd3 d5 16. exd5 Nxd5 17. Rhe1 f6 18. Be4 Nb4 19. a3 Nc6 20. Bxc6 Rxc6 21. Ne4 Rdc8 22. Rd2 b5 23. Red1 a5 24. Nc3 Rb8 25. Nd5+ Kf7 26. Ne3 b4 27. axb4 axb4 28. Rd6 Rc7 29. Ra6 b3 30. cxb3 Rxb3 31. Rdd6 Rxe3 32. Rxe6 Re1+ 33. Ka2 Re2 34. Rec6 Rxc6 35. Rxc6 Rxg2 36. Ka3 Rxh2 37. b4 Rh3 38. b5 Rxf3+ 39. Ka4 Rf1 40. b6 Ra1+ 41.
Kb5 Rb1+ 42. Kc5 h5 43. Kd6 h4 44. Kc7 g5 45. b7 Rxb7+ 46. Kxb7 h3 0-1

[Event "*** SCC Grand Prix: Titled Tuesday Blitz"]
[Site "Chess.com"]
[Date "2020.06.09"]
[Round "3"]
[White "CrazyMartian"]
[Black "arminmusovic"]
[Result "0-1"]
[WhiteElo "2289"]
[BlackElo "2541"]
[TimeControl "180+1"]
[EndTime "9:28:33 PDT"]
[Termination "arminmusovic won on time"]

1. d4 d5 2. Bf4 c5 3. e3 Nc6 4. c3 a6 5. Nd2 Nf6 6. Ngf3 Bg4 7. Bd3 Bh5 8. O-O e6 9. a3 Bd6 10. Bg3 O-O 11. Re1 cxd4 12. exd4 Rc8 13. Qe2 Re8 14. Qf1 Bg6 15. Ne5 Bxe5 16. Bxe5 Nd7 17. Bg3 e5 18. Bxg6 hxg6 19. dxe5 Ndxe5 20. Qe2 d4 21. Nf3 Nxf3+ 22.
Qxf3 Qb6 23. b4 dxc3 24. Qxc3 Ne5 25. Qe3 Qxe3 26. Rxe3 Nc4 27. Rxe8+ Rxe8 28. Bf4 f6 29. h4 Re2 30. g3 Rb2 31. Kf1 Rb3 32. Rc1 b5 33. Rd1 Rxa3 34. Rd8+ Kh7 35. Rd7 Ra4 36.
Bd6 Ra1+ 37. Ke2 Ra2+ 38. Ke1 Rd2 0-1

[Event "*** SCC Grand Prix: Titled Tuesday Blitz"]
[Site "Chess.com"]
[Date "2020.06.09"]
[Round "3"]
[White "pma83"]
[Black "Arkady_Gitelson"]
[Result "0-1"]
[WhiteElo "2135"]
[BlackElo "2494"]
[TimeControl "180+1"]
[EndTime "9:28:33 PDT"]
[Termination "Arkady_Gitelson won by resignation"]

1. d4 Nf6 2. c4 g6 3. Nc3 Bg7 4. e4 d6 5. Nf3 O-O 6. Be2 Nbd7 7. O-O e5 8. Qc2 exd4 9. Nxd4 Nc5 10. Be3 Ng4 11.
Bxg4 Bxg4 12. f3 Bd7 13. Rad1 Re8 14. Rfe1 Be5 15. Bf2 c6 16. g3 Qc7 17. Rd2 Ne6 18.
Nde2 Ng5 19. Qd3 Nh3+ 20. Kg2 Nxf2 21. Kxf2 Rad8 22. f4 Bg7 23. Qxd6 Qb6+ 24. c5 Qa5 25. Red1 Bf8 26. Qf6 Qxc5+ 27. Kg2 Bg7 28. Qh4 Re7 29.
Na4 Qb4 30. a3 Qxe4+ 31. Kg1 Rde8 32. Nac3 Qe3+ 33. Kg2 Bf5 34. Rd8 Be4+ 35. Kf1 Bf3 36. Rxe8+ Rxe8 37. Re1 Bxc3 38. bxc3 Bxe2+ 39. Kg2 Qf3+ 40. Kg1 Qe3+ 41. Kg2 Bf3+ 42. Kh3 Qxe1 43. Qf6 Qe6+ 0-1

[Event "*** SCC Grand Prix: Titled Tuesday Blitz"]
[Site "Chess.com"]
[Date "2020.06.09"]
[Round "3"]
[White "yamalchess"]
[Black "GuuBol"]
[Result "1-0"]
[WhiteElo "2441"]
[BlackElo "2226"]
[TimeControl "180+1"]
[EndTime "9:28:33 PDT"]
[Termination "yamalchess won by resignation"]

1. d4 d5 2. c4 e6 3. Nc3 c5 4.
cxd5 exd5 5. Nf3 Nc6 6. g3 Nf6 7. Bg2 Be7 8. O-O O-O 9. Be3 c4 10. Bg5 Be6 11. Ne5 h6 12. Bxf6 Bxf6 13. f4 Ne7 14. e3 b5 15. g4 g6 16. a3 a5 17.
Nxb5 Bxe5 18. fxe5 Qd7 19. Nd6 Bxg4 20. Qe1 Rab8 21.
Qh4 h5 22. Rf2 Nf5 23. Rxf5 Bxf5 24. Bxd5 Rxb2 25. Rf1 Be6 26. Be4 Qd8 27. Qf4 c3 28.
d5 Bg4 29. Nxf7 Qe7 30. e6 Be2 31. Qe5 Kh7 32. Bxg6+ Kxg6 33. Qf5+ Kg7 34. Qe5+ Kg6 35. Qe4+ Kg7 36. d6 Rxf7 37. Rxf7+ Qxf7 38. exf7 c2 39. Qd4+ Kxf7 40. Qxb2 1-0

[Event "*** SCC Grand Prix: Titled Tuesday Blitz"]
[Site "Chess.com"]
[Date "2020.06.09"]
[Round "3"]
[White "Rodalquilar"]
[Black "kirillshevchenko"]
[Result "1-0"]
[WhiteElo "2640"]
[BlackElo "2910"]
[TimeControl "180+1"]
[EndTime "9:28:34 PDT"]
[Termination "Rodalquilar won on time"]

1. d4 Nf6 2. c4 g6 3. Nc3 Bg7 4. e4 d6 5. f4 O-O 6. Nf3 c5 7.
dxc5 Qa5 8. Bd3 Qxc5 9. Qe2 Nc6 10. Be3 Qa5 11. Rc1 Bg4 12. O-O Rac8 13. Qd2 Bxf3 14. Rxf3 Nd7 15. Rf2 Nc5 16. Bb1 a6 17. Nd5 Qxd2 18. Rxd2 a5 19. e5 Ne6 20. exd6 exd6 21.
Rcd1 Rfe8 22. f5 Nc7 23. f6 Nxd5 24. cxd5 Rxe3 25. dxc6 Bxf6 26. cxb7 Rb8 27. Rxd6 Be7 28. Rd7 Kg7 29. Rc1 Re2 30. Rc8 1-0

[Event "*** SCC Grand Prix: Titled Tuesday Blitz"]
[Site "Chess.com"]
[Date "2020.06.09"]
[Round "3"]
[White "AlexSuv"]
[Black "serhanberat_ozdemir"]
[Result "0-1"]
[WhiteElo "2710"]
[BlackElo "2474"]
[TimeControl "180+1"]
[EndTime "9:28:34 PDT"]
[Termination "serhanberat_ozdemir won by resignation"]

1. d4 Nf6 2. c4 g6 3. Nc3 Bg7 4. e4 d6 5. Nf3 O-O 6. Be2 Bg4 7. O-O Nfd7 8. Ne1 Bxe2 9. Nxe2 c5 10. Be3 cxd4 11.
Nxd4 Nc6 12. Rc1 Rc8 13. Nec2 a6 14. Nxc6 bxc6 15. Bd4 e5 16. Be3 Qc7 17. Qd2 Rfd8 18. Rfd1 Nf8 19. Qd3 Rb8 20. b3 Ne6 21. Qd2 a5 22.
Rb1 f5 23. f3 fxe4 24. fxe4 Rd7 25. Rf1 Rf8 26. Rxf8+ Bxf8 27. Rf1 Rf7 28. Rxf7 Kxf7 29.
Qf2+ Kg8 30. Bb6 Qb7 31. Bxa5 d5 32. exd5 cxd5 33. Qb6 Bc5+ 0-1

[Event "*** SCC Grand Prix: Titled Tuesday Blitz"]
[Site "Chess.com"]
[Date "2020.06.09"]
[Round "3"]
[White "BillieKimbah"]
[Black "SketchyMoves"]
[Result "1-0"]
[WhiteElo "2877"]
[BlackElo "2647"]
[TimeControl "180+1"]
[EndTime "9:28:35 PDT"]
[Termination "BillieKimbah won on time"]

1. d4 e6 2. Nf3 Nf6 3. Bg5 Be7 4. e3 c5 5. Nbd2 cxd4 6. exd4 b6 7. Bd3 Bb7 8. a4 a6 9. O-O h6 10. Bxf6 Bxf6 11. Qe2 Be7 12. a5 bxa5 13. Nc4 Nc6 14. c3 O-O 15. Qe4 g6 16. Qe3 Kg7 17. Rfe1 d6 18. d5 exd5 19. Nb6 Rb8 20. Nxd5 Bf6 21. Nxf6 Qxf6 22. Bf1 Rfd8 23. Red1 Ne5 24. Nd4 Ba8 25. Rd2 Nc6 26. Nxc6 Bxc6 27. Rxa5 Bb5 28. c4 Be8 29. b3 Ra8 30. h3 Bc6 31. Rd4 Re8 32. Qd2 Bb7 33. Rf4 Qe7 34. Qd4+ 1-0

[Event "*** SCC Grand Prix: Titled Tuesday Blitz"]
[Site "Chess.com"]
[Date "2020.06.09"]
[Round "3"]
[White "FrenchMonster2002"]
[Black "Dinamo81"]
[Result "0-1"]
[WhiteElo "2415"]
[BlackElo "2626"]
[TimeControl "180+1"]
[EndTime "9:28:35 PDT"]
[Termination "Dinamo81 won by checkmate"]

1. e4 d5 2. exd5 Qxd5 3. Nf3 Bg4 4. Be2 Nc6 5. d4 O-O-O 6. c4 Qf5 7. Be3 Bxf3 8. Bxf3 Nxd4 9. Bxd4 Qe6+ 10. Be2 Qe4 11.
O-O Qxd4 12. Qa4 e6 13. Nc3 Bd6 14. Bf3 Ne7 15. Rfd1 Qb6 16. Rab1 Bc5 17. Rxd8+ Rxd8 18. b4 Bxf2+ 19. Kh1 Qe3 20. Nb5 a6 21. Na3 Qd2 22.
b5 a5 23. Rd1 Qb4 24. Qc2 Rxd1+ 25. Bxd1 Qe1# 0-1

[Event "*** SCC Grand Prix: Titled Tuesday Blitz"]
[Site "Chess.com"]
[Date "2020.06.09"]
[Round "3"]
[White "CookiesAndIceCream"]
[Black "trriinu"]
[Result "1-0"]
[WhiteElo "2315"]
[BlackElo "1993"]
[TimeControl "180+1"]
[EndTime "9:28:35 PDT"]
[Termination "CookiesAndIceCream won on time"]

1. e4 d5 2. exd5 Qxd5 3. Nc3 Qd6 4. d4 Nf6 5. Nf3 Nc6 6. Bb5 a6 7. Ba4 b5 8. Bb3 Bg4 9. h3 Bh5 10. g4 Bg6 11. Be3 e6 12. Qe2 Ne4 13. d5 Nxc3 14. bxc3 exd5 15. Bf4+ Qe6 16. Bxd5 Qxe2+ 17. Kxe2 O-O-O 18. Bxc6 Bxc2 19. Nd4 Bg6 20. a4 b4 21. cxb4 Rxd4 22.
Be3 Rxb4 23. a5 Bd6 24. Rhc1 Rd8 25. Kf3 f5 26. g5 f4 27. Bd2 Bh5+ 28. Kg2 f3+ 29. Kg1 1-0

[Event "*** SCC Grand Prix: Titled Tuesday Blitz"]
[Site "Chess.com"]
[Date "2020.06.09"]
[Round "3"]
[White "kot60"]
[Black "Luibov_AN"]
[Result "1-0"]
[WhiteElo "2354"]
[BlackElo "2115"]
[TimeControl "180+1"]
[EndTime "9:28:36 PDT"]
[Termination "kot60 won on time"]

1. e4 g6 2. d4 Bg7 3. c3 c5 4.
Bd3 cxd4 5. cxd4 Bxd4 6. Nf3 Bg7 7. O-O Nc6 8. Nc3 d6 9. h3 Nf6 10. Be3 O-O 11. Qd2 a6 12. Bh6 b5 13. Qg5 Bb7 14.
Qh4 Qa5 15. Ng5 b4 16. Nd5 Nxd5 17. exd5 Qxd5 18. Bxg7 Kxg7 19. Qxh7+ Kf6 20. Ne4+ Ke6 21. Rad1 Kd7 22. Bc2 Qe5 23. f4 Qh5 24. Qxh5 gxh5 25. Nc5+ Kc7 26. Nxb7 Kxb7 27. Be4 Rac8 28. Rd5 Rh8 29. Rc1 Kb6 30. a3 bxa3 31. bxa3 a5 32.
Rd2 Na7 33. Rb2+ Nb5 34. Rxc8 Rxc8 35. a4 Rc1+ 36. Kh2 Rc4 37. Rxb5+ Ka6 38. Bd3 Rd4 39. Rd5+ 1-0

[Event "*** SCC Grand Prix: Titled Tuesday Blitz"]
[Site "Chess.com"]
[Date "2020.06.09"]
[Round "3"]
[White "mjray79"]
[Black "KejJaj"]
[Result "1-0"]
[WhiteElo "2316"]
[BlackElo "2004"]
[TimeControl "180+1"]
[EndTime "9:28:36 PDT"]
[Termination "mjray79 won by checkmate"]

1. d4 f5 2. Nc3 Nf6 3. Bg5 d5 4. Bxf6 exf6 5. e3 Be6 6. Bd3 Nc6 7. Qf3 Qd7 8. a3 O-O-O 9. Nge2 g6 10. h3 h5 11. Rg1 Bh6 12. Nf4 Bxf4 13. Qxf4 g5 14.
Qf3 f4 15. O-O-O Rdf8 16. Bb5 fxe3 17. fxe3 f5 18. Rge1 a6 19. Ba4 Qd6 20. Bb3 Ne7 21. Na4 b6 22. Qe2 Kb7 23. Kb1 Bd7 24. c4 dxc4 25.
Qxc4 Bb5 26. Qc2 Re8 27. e4 fxe4 28. Rxe4 Nc6 29. Nc3 Rxe4 30. Qxe4 Rd8 31. a4 Bxa4 32. Bxa4 b5 33. Bb3 Ka7 34. d5 Na5 35. Ba2 b4 36.
Na4 b3 37. Bxb3 Nxb3 38. Qe3+ Ka8 39. Qxb3 Qg6+ 40. Qd3 Qd6 41. Rc1 Rb8 42. Rc6 Qb4 43.
Qxa6# 1-0

[Event "*** SCC Grand Prix: Titled Tuesday Blitz"]
[Site "Chess.com"]
[Date "2020.06.09"]
[Round "3"]
[White "Funo09"]
[Black "DenishevM"]
[Result "1-0"]
[WhiteElo "2812"]
[BlackElo "2548"]
[TimeControl "180+1"]
[EndTime "9:28:38 PDT"]
[Termination "Funo09 won on time"]

1. e4 c5 2. Nc3 e6 3. f4 d5 4.
Nf3 Nc6 5. Bb5 Ne7 6. Qe2 d4 7. Nb1 a6 8. Bxc6+ Nxc6 9. O-O Be7 10. d3 b5 11. Nbd2 Bb7 12. Rf2 Qb6 13. Nf1 h6 14. Ng3 O-O-O 15. a4 Nb4 16. f5 Bd6 17.
axb5 axb5 18. Bd2 Nc6 19. fxe6 fxe6 20. c3 Bxg3 21. hxg3 e5 22. cxd4 exd4 23. Nh4 g5 24. Nf5 b4 25. g4 Ne5 26. Ne7+ Kb8 27. Rf5 Qe6 28. Be1 Ng6 29. Bg3+ Nf4 30. Rxf4 gxf4 31. Bxf4+ Rd6 32. Nf5 Rd8 33. Qc2 c4 34. Qxc4 Qxc4 35. dxc4 Bxe4 36. Nxd6 1-0

[Event "*** SCC Grand Prix: Titled Tuesday Blitz"]
[Site "Chess.com"]
[Date "2020.06.09"]
[Round "3"]
[White "manmanlai1"]
[Black "TregubovP"]
[Result "1-0"]
[WhiteElo "2390"]
[BlackElo "2562"]
[TimeControl "180+1"]
[EndTime "9:28:38 PDT"]
[Termination "manmanlai1 won by resignation"]

1. e4 e6 2. d4 d5 3. exd5 exd5 4. Bd3 Bd6 5. Qf3 Ne7 6. Ne2 Nbc6 7. c3 Be6 8. Bf4 Qd7 9. Bxd6 Qxd6 10. Nd2 O-O-O 11.
h3 g6 12. Ng3 h5 13. O-O-O h4 14. Ngf1 Bf5 15. Nb3 Bxd3 16. Rxd3 Nf5 17. Ne3 Nxe3 18. Rxe3 Rde8 19. Rhe1 Rxe3 20. Rxe3 Rf8 21. Qg4+ Qd7 22. Qxh4 b6 23. Qg3 Ne7 24. Qf3 Nf5 25. Re2 c6 26.
Nd2 Kb7 27. g3 Nd6 28. h4 f5 29. Qf4 Rf7 30. Nf3 Rg7 31. Ne5 Qc7 32. f3 c5 33.
Nd3 c4 34. Nb4 Nb5 35. Nxd5 Qxf4+ 36. Nxf4 Nc7 37. Ne6 Nxe6 38. Rxe6 g5 39. h5 g4 40.
f4 Kc7 41. h6 Rh7 42. Rg6 Kd8 43. d5 1-0